 Dungeon Crawl Stone Soup version 0.22.1-1-ga44c0e56f4 (webtiles) character file.

654 Jannitor the Caller (level 7, -4/64 HPs)
             Began as a Hill Orc Summoner on Nov 5, 2018.
             Slain by a gnoll
             ... wielding a +0 spear
              (10 damage)
             ... on level 7 of the Dungeon.
             The game lasted 00:13:47 (9409 turns).

Jannitor the Caller (Hill Orc Summoner)             Turns: 9409, Time: 00:13:47

Health: -4/64      AC:  2    Str: 10 (11) XL:     7   Next: 54%
Magic:  9/9        EV: 12    Int: 15 (17) God:
Gold:   488        SH:  0    Dex:  8 (11) Spells: 3/9 levels left

rFire    . . .     SeeInvis .   j - staff of wizardry
rCold    . . .     Gourm    .   (no shield)
rNeg     . . .     Faith    .   a - +0 robe
rPois    +         Spirit   .   (no helmet)
rElec    .         Reflect  .   (no cloak)
rCorr    .         Harm     .   (no gloves)
MR       +....                  (no boots)
Stlth    +.........             (no amulet)
HPRegen  0.20/turn              x - ring of poison resistance
MPRegen  0.11/turn              i - ring of protection from magic

@: no status effects
A: no striking features
a: no special abilities


You were on level 7 of the Dungeon.
You were very hungry.

You visited 2 branches of the dungeon, and saw 8 of its levels.

You collected 488 gold pieces.

Inventory:

Hand Weapons
 b - a +0 short sword
Armour
 a - a +0 robe (worn)
Magical Staves
 j - an uncursed staff of wizardry (weapon)
Jewellery
 h - an uncursed ring of stealth
 i - a ring of protection from magic (right hand)
 r - an uncursed ring of positive energy
 x - a ring of poison resistance (left hand)
 z - a cursed +2 ring of intelligence {unknown}
Wands
 o - a wand of polymorph (12)
 A - a wand of iceblast (8)
Scrolls
 d - a scroll of enchant weapon {unknown}
 e - 4 scrolls of teleportation {unknown}
 f - 2 scrolls of amnesia {unknown}
 m - 10 scrolls of identify {unknown}
 n - 3 scrolls of enchant armour {unknown}
 q - a scroll of magic mapping {unknown}
 t - 4 scrolls of fog {unknown}
 y - a scroll of fear {unknown}
Potions
 g - 2 potions of might
 k - a potion of curing {unknown}
 l - a potion of lignification
 p - a potion of degeneration
 s - 2 potions of flight {unknown}
 u - a potion of haste {unknown}
 v - a potion of brilliance {unknown}
 w - 2 potions of heal wounds {unknown}
Comestibles
 c - 5 rations


   Skills:
 + Level 6.5 Fighting
 - Level 1.5 Dodging
 - Level 1.5 Stealth
 + Level 1.7 Spellcasting
 + Level 6.9 Summonings


You had 3 spell levels left.
You knew the following spells:

 Your Spells              Type           Power        Failure   Level  Hunger
a - Summon Small Mammal   Summ           ###.         1%          1    ##.....
b - Call Imp              Summ           ###.....     1%          2    ###....
c - Call Canine Familiar  Summ           ###.....     1%          3    ####...

Your spell library contained the following spells:

 Spells                   Type           Power        Failure   Level  Hunger
 Summon Guardian Golem    Hex/Summ       ##......     7%          3    ####...
 Summon Ice Beast         Ice/Summ       ##......     22%         4    #####..
 Summon Lightning Spire   Summ/Air       ##......     22%         4    #####..


Dungeon Overview and Level Annotations

Branches:
Dungeon (7/15)             Temple (1/1) D:5

Altars:
Ashenzari
Cheibriados
Dithmenos
Elyvilon
Fedhas
Gozag
Hepliaklqana
Kikubaaqudgha
Makhleb
Nemelex Xobeh
Okawaru
Qazlal
Ru
Sif Muna
Trog
Uskayaw
Vehumet
Wu Jian
Xom
Yredelemnul
Zin
The Shining One

Annotations:
D:3 1 runed door, utbildad's ghost, weakling DEWz


Message History

An orc comes into view. It is wielding a short sword.
The orc warrior hits you with a short sword.
* * * LOW HITPOINT WARNING * * *
The orc wizard shouts!
The gnoll hits you with a spear.
* * * LOW HITPOINT WARNING * * *
The orc wizard mumbles some strange words.
The orc wizard flickers and vanishes!
Deactivating autopickup; reactivate with Ctrl-A.
The gnoll closely misses you.
An orc wizard comes into view. It is wielding a dagger.
A puff of flame appears from out of thin air!
The puff of flame hits you!
* * * LOW HITPOINT WARNING * * *
The gnoll closely misses you.
It was a potion of degeneration.
There was something very wrong with that liquid.
You feel weakened.
You feel dopey.
You feel clumsy.
The gnoll hits you from afar with a spear!
You die...

#o# #..# #..#
##).#
#..#####...#
#..........#
##[.......##
##o......#
##.g..)##
###o....##
#.@......#
#..............
#....#####......#
..## ######## .


You could see an orc warrior and a gnoll.

Vanquished Creatures
  A centaur (D:5)
  A hound (D:5)
  A gnoll (D:4)
  A howler monkey skeleton (D:4)
  An adder (D:2)
  A shadow imp (D:5)
  An ooze (D:3)
  2 worms
  3 leopard geckos
  An orc (D:6)
  3 giant cockroaches
  4 goblins
  4 hobgoblins
  5 jackals
  A quokka (D:3)
  2 ball pythons
  6 bats
  6 frilled lizards
  5 kobolds
  6 rats
55 creatures vanquished.

Vanquished Creatures (collateral kills)
  An ice beast (D:5)
  2 ogres (D:5)
  2 scorpions (D:4)
  A killer bee (D:6)
  A centaur zombie (D:4)
  2 crimson imps (D:5)
  3 hounds
  2 jellies
  A centaur skeleton (D:5)
  2 iguanas (D:5)
  2 worker ants
  2 adders
  6 gnolls
  3 worms (D:2)
  3 leopard geckos
  An orc (D:4)
  3 bats
  A giant cockroach (D:4)
  2 goblins
  A hobgoblin (D:1)
  5 jackals
  A ball python (D:4)
  2 kobolds (D:2)
49 creatures vanquished.

Vanquished Creatures (others)
  A goblin (D:1)
1 creature vanquished.

Grand Total: 105 creatures vanquished

Notes
Turn   | Place    | Note
-------+----------+-------------------------------------------
     0 | D:1      | Jannitor the Hill Orc Summoner began the quest for the Orb.
     0 | D:1      | Reached XP level 1. HP: 14/14 MP: 3/3
   463 | D:1      | Reached skill level 1 in Fighting
   747 | D:1      | Reached XP level 2. HP: 18/23 MP: 0/4
  1027 | D:1      | Learned a level 2 spell: Call Imp
  1407 | D:2      | Reached XP level 3. HP: 29/29 MP: 2/5
  1475 | D:2      | Found a shadowy altar of Dithmenos.
  1475 | D:2      | Found an ornate altar of the Wu Jian Council.
  1640 | D:2      | Found a faded altar of an unknown god.
  2777 | D:3      | Found a burning altar of Makhleb.
  2790 | D:3      | Found a white marble altar of Elyvilon.
  2795 | D:3      | Found a hide-covered altar of Uskayaw.
  3003 | D:3      | Reached XP level 4. HP: 30/37 MP: 6/6
  3158 | D:3      | Found a runed door.
  3158 | D:3      | Noticed utbildad's ghost (weakling DEWz)
  3488 | D:3      | Learned a level 3 spell: Call Canine Familiar
  3490 | D:3      | Found a sacrificial altar of Ru.
  3651 | D:4      | Reached skill level 5 in Summonings
  4193 | D:4      | Reached XP level 5. HP: 21/46 MP: 3/7
  4309 | D:4      | Noticed a phantom
  5007 | D:4      | Reached XP level 6. HP: 38/53 MP: 3/8
  5456 | D:5      | Entered Level 5 of the Dungeon
  5513 | D:5      | Reached skill level 5 in Fighting
  6602 | D:5      | Found a staircase to the Ecumenical Temple.
  6789 | Temple   | Entered the Ecumenical Temple
  6956 | D:5      | Noticed an ice beast
  6985 | D:5      | Reached XP level 7. HP: 62/62 MP: 3/9
  7313 | D:5      | Found an opulent altar of Gozag.
  7761 | D:6      | Found a shattered altar of Ashenzari.
  8418 | D:6      | Found a shattered altar of Ashenzari.
  9409 | D:7      | Slain by a gnoll

Skill      XL: |  1  2  3  4  5  6  7 |
---------------+----------------------+-----
Fighting       | 1 2 3 4 5 6 |  6.5
Summonings     | 5 6 |  6.9
Dodging        | |  1.5
Stealth        | |  1.5
Spellcasting   | |  1.7

Action                   |  1- 3 |  4- 6 |  7- 9 || total
-------------------------+-------+-------+-------++-------
Melee: Unarmed           |    43 |       |       ||    43
       Short sword       |   131 |    17 |       ||   148
       Staff             |       |   211 |    77 ||   288
 Cast: Summon Small Mamm |    24 |     9 |     2 ||    35
       Call Imp          |     7 |    27 |    14 ||    48
       Call Canine Famil |       |    11 |    12 ||    23
  Use: Potion            |       |     1 |     2 ||     3
 Stab: Sleeping          |     5 |     1 |     1 ||     7
       Distracted        |       |     1 |     2 ||     3
  Eat: Chunk             |     8 |     7 |     5 ||    20
       Ration            |       |     3 |     1 ||     4
Armor: Robe              |    56 |    38 |    14 ||   108
       Skin              |       |       |     1 ||     1
Dodge: Dodged            |   156 |   186 |    77 ||   419
